 Dungeon Crawl Stone Soup version 0.28.0 (webtiles) character file.

Game seed: 8442475322641842409

133 crazypyro the Chopper (level 4, -4/41 HPs)
             Began as a Minotaur Fighter on Feb 10, 2022.
             Slain by a sky beast (6 damage)
             ... on level 3 of the Dungeon.
             The game lasted 00:01:36 (1926 turns).

crazypyro the Chopper (Minotaur Fighter)            Turns: 1926, Time: 00:01:38

Health: -4/41      AC:  8    Str: 22    XL:     4   Next: 94%
Magic:  3/3        EV:  9    Int:  5    God:
Gold:   84         SH:  4    Dex: 10    Spells: 3/3 levels left

rFire   . . .      SeeInvis .   a - +0 war axe
rCold   . . .      Faith    .   c - +0 buckler
rNeg    . . .      Spirit   .   b - +0 scale mail
rPois   .          Reflect  .   (helmet restricted)
rElec   .          Harm     .   o - +0 cloak
rCorr   .          Rampage  .   (no gloves)
Will    .....                   (no boots)
Stlth   ..........              (no amulet)
HPRegen 0.13/turn               (no ring)
MPRegen 0.08/turn               (no ring)

@: no status effects
A: horns 2, retaliatory headbutt
a: no special abilities


You were on level 3 of the Dungeon.
You visited 1 branch of the dungeon, and saw 3 of its levels.

You collected 84 gold pieces.

Inventory:

Hand Weapons
 a - a +0 war axe (weapon)
Armour
 b - a +0 scale mail (worn)
 c - a +0 buckler (worn)
 o - a +0 cloak (worn)
Jewellery
 e - a ring of ice
Scrolls
 d - 2 scrolls of summoning {unknown}
 h - 4 scrolls of identify {unknown}
 i - a scroll of enchant armour {unknown}
 k - a scroll of brand weapon {unknown}
 l - a scroll of amnesia {unknown}
 m - a scroll of immolation {unknown}
Potions
 f - a potion of brilliance {unknown}
 g - 2 potions of curing {unknown}
 j - a potion of attraction {unknown}
 n - a potion of cancellation {unknown}


   Skills:
 + Level 4.8 Fighting
 * Level 4.9 Axes
 - Level 4.0 Armour
 - Level 4.0 Shields


You had 3 spell levels left.
You didn't know any spells.
Your spell library contained the following spells:

 Spells                   Type           Power      Damage    Failure   Level
 Magic Dart               Conj           0%         1d3       87%         1
 Searing Ray              Conj           0%         2d4       95%         2
 Fulminant Prism          Conj/Hex       0%         3d6       100%        4


Dungeon Overview and Level Annotations

Branches:
Dungeon (3/15)

Altars:


Innate Abilities, Weirdness & Mutations

You have a pair of horns on your head.
You reflexively headbutt those who attack you in melee.


Message History

You kill the jackal!
The sky beast hits you. The sky beast shocks you.
The jackal bites you but does no damage.
The sky beast hits you but does no damage.
You barely miss the sky beast.
The sky beast is lightly wounded.
You slash the jackal!
You kill the jackal!
The sky beast hits you but does no damage.
Unknown command.
You barely miss the sky beast.
The sky beast is lightly wounded.
The sky beast barely misses you.
You barely miss the sky beast. Your headbutt misses the sky beast.
The sky beast is lightly wounded.
The sky beast hits you but does no damage.
The sky beast flickers out of sight!
Deactivating autopickup; reactivate with Ctrl-A.
Something hits you but does no damage.
Unknown command.
You miss something. You completely miss the goblin.
The goblin hits you but does no damage. Something hits you but does no damage.
An orc comes into view. It is wielding a +0 hand axe.
You barely miss something. Your headbutt misses something.
You slash the goblin!
You kill the goblin!
A sky beast appears from thin air!
Reactivating autopickup.
The sky beast hits you.
* * * LOW HITPOINT WARNING * * *
The sky beast shocks you.
* * * LOW HITPOINT WARNING * * *
You slash the sky beast! Your headbutt misses the sky beast.
The sky beast is moderately wounded.
The sky beast flickers out of sight!
Deactivating autopickup; reactivate with Ctrl-A.
Something hits you.
* * * LOW HITPOINT WARNING * * *
Something shocks you.
You die...

### #######.##
...<.....# ##
.######.######### ..
.# ####.........##.#
.# #...............#
.###.##########.#####
.....# #.#†..# ####.#
#.@{# #.# ###)..# #.#
.#..... #.# .. #...
#.# .#. .. #.# ...# #
#.. #. # .


There were no monsters in sight!

Vanquished Creatures
  Jessica (D:2)
  3 adders (D:2)
  A worm (D:2)
  4 dart slugs
  3 orcs (D:3)
  4 ball pythons (D:1)
  An endoplasm (D:1)
  2 giant cockroaches (D:1)
  A hobgoblin (D:1)
  13 jackals
  3 quokkas (D:1)
  7 bats
  4 frilled lizards
  8 goblins
  4 kobolds
  2 rats (D:2)
61 creatures vanquished.

Notes
Turn   | Place    | Note
-------+----------+-------------------------------------------
     0 | D:1      | crazypyro the Minotaur Fighter began the quest for the Orb.
     0 | D:1      | Reached XP level 1. HP: 19/19 MP: 0/0
    28 | D:1      | Reached XP level 2. HP: 9/27 MP: 1/1
   512 | D:1      | Found a faded altar of an unknown god.
   673 | D:1      | Reached XP level 3. HP: 30/33 MP: 2/2
  1239 | D:2      | Reached XP level 4. HP: 41/41 MP: 3/3
  1269 | D:2      | Noticed Jessica
  1270 | D:2      | Killed Jessica
  1906 | D:3      | Noticed a sky beast
  1926 | D:3      | HP: 2/41 [something (4)]
  1926 | D:3      | Slain by a sky beast

Illustrated notes

Levels and vault maps discovered:
D:1:      wander_arrival_desolate, layout_basic, serial_corexii_hall,
          corexii_hall_statues_s, corexii_hall_statues_t,
          shapermc_ecumenical_altar_mp_ritualfount, hex_large,
          hangedman_abyss_or_decor_stabs, minmay_small_reverse_x
D:2:      layout_loops_ring, minmay_between, uniq_jessica
D:3:      layout_loops_ring, gammafunk_ghost_nasty_kobolds

Skill      XL: |  1  2  3 |
---------------+----------+-----
Axes           | 3 4 |  4.9
Armour         | 4 |  4.0
Shields        | 4 |  4.0
Fighting       | 4 |  4.8

Action                   |  1- 3 |  4- 6 || total
-------------------------+-------+-------++-------
Melee: War axe           |    78 |    42 ||   120
       Headbutt          |     8 |     2 ||    10
  Use: Potion            |     1 |       ||     1
Armor: Scale mail        |    62 |    28 ||    90
Dodge: Dodged            |    40 |    24 ||    64
Block: Buckler           |    24 |     5 ||    29
